 Dungeon Crawl Stone Soup version 0.19.4-12-gccf7e64 (webtiles) character file.

548 Magnus the Shield-Bearer (level 7, -2/56 HPs)
             Began as a Formicid Fighter on Feb 26, 2017.
             Was an Initiate of the Shining One.
             Slain by Grinder (4 damage)
             ... on level 5 of the Dungeon.
             The game lasted 00:09:58 (4364 turns).

Magnus the Shield-Bearer (Formicid Fighter)         Turns: 4364, Time: 00:09:59

Health: -2/56      AC:  7    Str: 19 (22) XL:     7   Next: 54%
Magic:  7/7        EV: 13    Int:  6 (8)  God:    the Shining One [......]
Gold:   208        SH: 10    Dex: 13 (15) Spells: 0 memorised, 6 levels left

rFire  . . .     SeeInvis +     a - +0 war axe
rCold  . . .     Gourm    .     b - +0 scale mail
rNeg   . . .     Faith    .     c - +0 shield
rPois  .         Spirit   .     (helmet unavailable)
rElec  .         Reflect  .     (no cloak)
rCorr  +         Harm     .     (no gloves)
MR     .....                    (no boots)
Stlth  +.........               (no amulet)
                                (no ring)
                                s - ring of resist corrosion

@: agile, flying, glowing
A: permanent stasis, dig shafts and tunnels, four strong arms, antennae 3
a: Dig, Shaft Self, Renounce Religion


You were on level 5 of the Dungeon.
You worshipped the Shining One.
The Shining One was noncommittal.
You were not hungry.

You visited 2 branches of the dungeon, and saw 6 of its levels.

You collected 208 gold pieces.

Inventory:

Hand Weapons
 a - a +0 war axe (weapon)
Armour
 b - a +0 scale mail (worn)
 c - a +0 shield (worn)
Jewellery
 o - an uncursed ring of poison resistance {unknown}
 s - a ring of resist corrosion (left hand)
Scrolls
 g - a scroll of enchant armour {unknown}
 j - 2 scrolls of random uselessness {unknown}
 k - 2 scrolls of enchant weapon {unknown}
 l - 3 scrolls of remove curse {unknown}
 m - a scroll of recharging {unknown}
 n - 3 scrolls of teleportation {unknown}
 p - 2 scrolls of magic mapping {unknown}
 t - a scroll of amnesia {unknown}
 v - 2 scrolls of fog {unknown}
 x - 2 scrolls of immolation {unknown}
 y - 4 scrolls of identify {unknown}
 D - a scroll of blinking {unknown}
 G - a scroll of fear {unknown}
Potions
 d - a potion of might
 e - a potion of flight
 i - 5 potions of degeneration
 r - a potion of haste
 A - a potion of brilliance {unknown}
 C - a potion of cancellation {unknown}
 F - 2 potions of ambrosia {unknown}
 H - a potion of lignification {unknown}
Comestibles
 f - 3 bread rations
 h - 3 fruits
 q - 3 meat rations
 z - 2 beef jerkies
 B - a slice of pizza


   Skills:
 + Level 5.0 Fighting
 + Level 4.0 Axes
 + Level 5.4 Armour
 + Level 5.9 Shields


You had 6 spell levels left.
You didn't know any spells.

Dungeon Overview and Level Annotations

Branches:
Dungeon (5/15)             Temple (1/1) D:4

Altars:
Ashenzari
Cheibriados
Dithmenos
Elyvilon
Gozag
Hepliaklqana
Kikubaaqudgha
Makhleb
Nemelex Xobeh
Okawaru
Qazlal
Trog
Vehumet
Xom
The Shining One

Shops:
D:5 }

Annotations:
D:5 Grinder


Innate Abilities, Weirdness & Mutations

You are under a permanent stasis effect.
You can dig through walls and to a lower floor.
Your four strong arms can wield two-handed weapons with a shield.
You have a pair of large antennae on your head. (SInv)


Message History

You closely miss Grinder.
Grinder is heavily wounded.
Grinder gestures at you. Pain shoots through your body!
* * * LOW HITPOINT WARNING * * *
Unknown command.
You hit Grinder but do no damage.
Grinder is heavily wounded.
Grinder says, "I used to sell toenails on the black market."
Grinder misses you. Grinder gestures at you. Pain shoots through your body!
* * * LOW HITPOINT WARNING * * *
You slash Grinder!
Grinder is severely wounded.
Grinder says, "DUCK!"
Grinder hits you.
* * * LOW HITPOINT WARNING * * *
You writhe in agony.
You die...

.# #.# #..#
#...#
####....#
#......#
##..(..#
#$..@.#
##.5.## ###
## #...#
###.#######.
#...#
##...........
#..##
#............
#..#
#...)########
#..# #...##
#..## ##...#
#...#
#....###


You could see Grinder.

Vanquished Creatures
  2 ogres
  A centaur (D:4)
  2 hounds
  3 worker ants
  A worker ant zombie (D:5)
  3 gnolls (D:5)
  2 adders
  2 river rats (D:4)
  An ooze (D:2)
  An adder skeleton (D:4)
  A worm (D:2)
  3 dart slugs
  4 leopard geckos
  An orc (D:4)
  4 ball pythons
  5 giant cockroaches
  6 goblins
  5 hobgoblins
  8 jackals
  8 kobolds
  5 quokkas
  5 bats
  8 frilled lizards
  7 rats
88 creatures vanquished.

Notes
Turn   | Place    | Note
-------+----------+-------------------------------------------
     0 | D:1      | Magnus the Formicid Fighter began the quest for the Orb.
     0 | D:1      | Reached XP level 1. HP: 18/18 MP: 1/1
   250 | D:1      | Reached XP level 2. HP: 24/24 MP: 2/2
   720 | D:1      | Reached XP level 3. HP: 29/29 MP: 3/3
  1293 | D:2      | Reached XP level 4. HP: 37/37 MP: 4/4
  1297 | D:2      | Found a snail-covered altar of Cheibriados.
  1430 | D:2      | Upgraded the game from 0.19.4-10-g532645f to 0.19.4-12-gccf7e64
  2367 | D:3      | Reached XP level 5. HP: 41/42 MP: 5/5
  2424 | D:3      | Found a sparkling altar of Nemelex Xobeh.
  2782 | D:4      | Found a bloodstained altar of Trog.
  2837 | D:4      | Noticed an ogre
  2844 | D:4      | Killed an ogre
  2844 | D:4      | Reached skill level 5 in Shields
  2844 | D:4      | Reached XP level 6. HP: 12/48 MP: 6/6
  3148 | D:4      | Found a shimmering altar of Xom.
  3419 | D:4      | Reached skill level 5 in Armour
  3607 | D:4      | Found a staircase to the Ecumenical Temple.
  3633 | Temple   | Entered the Ecumenical Temple
  3661 | Temple   | Became a worshipper of the Shining One
  3730 | D:5      | Entered Level 5 of the Dungeon
  3747 | D:5      | Noticed an ogre
  3753 | D:5      | Killed an ogre
  3753 | D:5      | Reached XP level 7. HP: 35/55 MP: 7/7
  3958 | D:5      | Reached skill level 5 in Fighting
  4292 | D:5      | Found Buidoyla's Gadget Shop.
  4343 | D:5      | Noticed Grinder
  4364 | D:5      | HP: 2/56 [Grinder (5)]
  4364 | D:5      | Slain by Grinder

Skill      XL: |  1  2  3  4  5  6  7 |
---------------+----------------------+-----
Shields        | 4 5 |  5.9
Armour         | 4 5 |  5.4
Fighting       | 4 5 |  5.0
Axes           | 3 4 |  4.0

Action                   |  1- 3 |  4- 6 |  7- 9 || total
-------------------------+-------+-------+-------++-------
Melee: War axe           |   113 |   190 |    51 ||   354
  Use: Potion            |       |       |     5 ||     5
  Eat: Chunk             |     1 |     7 |     4 ||    12
Armor: Scale mail        |    50 |    84 |    18 ||   152
Dodge: Dodged            |    38 |    86 |    16 ||   140
Block: Shield            |    77 |   114 |    30 ||   221
